[Event "BCS-Floripa Super Blitz 2025"]
[Site "Florianopolis"]
[Date "2025.01.22"]
[Round "5.1"]
[White "Delgado Ramirez, Neuris"]
[Black "Rodrigues, Edgar"]
[Result "0-1"]
[Annotator "TA"]
[ECO "B41"]
[WhiteElo "2493"]
[BlackElo "2279"]
[PlyCount "74"]
[EventDate "2025.01.18"]
[EventType "swiss"]
[EventCountry "BRA"]
[SourceTitle "playchess.com"]
[Source "ChessBase"]
[SourceQuality "1"]
[TimeControl "180+2"]

1. e4 c5 2. Nf3 e6 3. d4 cxd4 4. Nxd4 a6 5. c4 Nf6 6. Nc3 Qc7 7. a3 b6 8. Be3 Bb7 9. f3 Be7 10. Rc1 d6 11. g4 O-O 12. g5 Nfd7 13. h4 Qd8 14. Kd2 Nc6 15. Kc2 Rc8 16. Kb1 (16. Nxc6 $1 $14 Rxc6 17. Be2) 16... Na5 $11 17. g6 hxg6 (17... Bxh4 18. gxf7+ Rxf7 19. Nxe6 $18) 18. h5 {[%emt 0:00:05] aiming for hxg6.} g5 (18... Nxc4 19. Bxc4 Rxc4 20. Qe2 $16 (20. hxg6 Bf6 $14)) 19. h6 (19. Na4 $17) 19... g6 $19 (19... Nxc4 20. Bxc4 Rxc4 21. hxg7 Kxg7 22. Nd5 $16) 20. h7+ Kh8 21. Nb3 (21. b3 $142) 21... Nxc4 22. Bxc4 Rxc4 23. Bd4+ e5 24. Be3 {[%emt 0:00:02] [#]} g4 25. fxg4 (25. Bh6 $17) 25... Nf6 (25... Bxe4+ 26. Nxe4 Rxe4 27. Bh6 $11) 26. Qe2 $2 (26. Nd2 Rxc3 27. bxc3 (27. Rxc3 $2 Nxe4 28. Rc2 Nxd2+ 29. Bxd2 Bxh1 $19)) 26... Rxe4 (26... Bxe4+ 27. Nxe4 Rxe4 28. Qd3 Rxg4 29. Qxa6 $19) (26... Rxc3 $142 27. bxc3 Bxe4+ (27... Nxe4 $2 28. Rh2 $19) 28. Kb2 Bxh1 (28... Nxh7 29. Rh3 $11) 29. Rxh1 Qa8 (29... Nxh7 $2 30. Qh2 $18)) 27. Nxe4 (27. Rhg1 $142) 27... Bxe4+ 28. Ka1 Bxh1 (28... Nxh7 29. Rh3 f5 30. Nd2 $16) 29. Rxh1 Qa8 (29... Nxh7 $2 {loses.} 30. Qh2 $18 (30. Qxa6 Qd7 $17)) 30. Qf1 $2 (30. Rg1 {is the only way for White.}) 30... Nxg4 31. Bd2 Qd5 32. Rh3 f5 {[%emt 0:00:05] Threatens to win with ...f4.} 33. Qxa6 b5 34. Qa7 Bf6 35. Rc3 e4 36. Qd7 e3 37. Bc1 Bxc3 0-1

[Event "BCS-Floripa Super Blitz 2025"]
[Site "Florianopolis"]
[Date "2025.01.22"]
[Round "5.1"]
[White "De Siqueira, Luigy Lira"]
[Black "Jorge, Denrick Cabral Jose"]
[Result "1-0"]
[Annotator "TA"]
[ECO "B52"]
[WhiteElo "2252"]
[BlackElo "1907"]
[PlyCount "57"]
[EventDate "2025.01.18"]
[EventType "swiss"]
[EventCountry "BRA"]
[SourceTitle "playchess.com"]
[Source "ChessBase"]
[SourceQuality "1"]
[TimeControl "180+2"]

1. e4 c5 2. Nf3 d6 3. Bb5+ Bd7 4. a4 Nc6 5. O-O g6 6. c3 Bg7 7. d4 cxd4 8. cxd4 Nf6 9. Nc3 O-O 10. Re1 a6 11. Bc4 Bg4 12. Be3 Rc8 (12... Nxe4 $1 $15 13. h3 (13. Nxe4 d5 $15) 13... Bxf3 14. Qxf3 Nf6 (14... Nxd4 $2 15. Qxe4 Nc6 16. Bg5 $18)) 13. Ba2 (13. Be2 $11) 13... Na5 (13... Nh5 $15) 14. h3 $14 Bxf3 15. Qxf3 Nc4 {[%emt 0:00:02] [#]} (15... Nd7 $11 {keeps the balance.}) 16. Bxc4 $1 $16 Rxc4 17. Rad1 ({Better is} 17. e5 $16 dxe5 18. dxe5 (18. Qxb7 $2 {is the wrong capture.} exd4 19. Red1 e5 $19)) 17... Qb6 (17... Ne8 $14) 18. e5 $18 Nd7 (18... Ne8 {was worth a try.}) 19. Nd5 $1 Qd8 20. Bg5 f6 21. exf6 exf6 22. Bf4 Rxa4 $2 (22... Kh8 23. Qb3 (23. Bxd6 Re8 $18) 23... Rc6 24. Qxb7 Qc8) 23. Bxd6 Re8 {[%emt 0:00:02] Black is weak on the dark squares} 24. Rxe8+ Qxe8 25. Qb3 Qf7 26. Qxa4 (26. Ne7+ $142 Kf8 27. Qxb7 (27. Qxa4 Qe6 $18) (27. Nxg6+ Ke8 $18) 27... Qxe7 28. Qxd7 (28. Bxe7+ Kxe7 29. Qc7 Ke6 $18) 28... Kg8 29. Bxe7 (29. Qxe7 h5 $18) 29... h6 30. Qxa4 Kh7 31. Qd7 (31. Qxa6 f5 32. Bf6 Bh8 33. Bxh8 h5 34. Qf6 Kh6 35. h4 Kh7 36. Qg7#)) 26... b5 (26... Qxd5 $142 27. Qxd7 Bf8) 27. Qb3 {[%emt 0:00:03] Ne7+ would now be deadly.} Nb6 28. Ne7+ Kf8 29. Nxg6+ 1-0

[Event "BCS-Floripa Super Blitz 2025"]
[Site "Florianopolis"]
[Date "2025.01.22"]
[Round "5.2"]
[White "Lima, Darcy"]
[Black "Fier, Alexandr"]
[Result "0-1"]
[Annotator "TA"]
[ECO "A34"]
[WhiteElo "2370"]
[BlackElo "2549"]
[PlyCount "70"]
[EventDate "2025.01.18"]
[EventType "swiss"]
[EventCountry "BRA"]
[SourceTitle "playchess.com"]
[Source "ChessBase"]
[SourceQuality "1"]
[TimeControl "180+2"]

1. g3 c5 2. c4 Nf6 3. Bg2 d5 4. cxd5 Nxd5 5. Nc3 Nc7 6. Nf3 Nc6 7. d3 e5 8. Nd2 Bd7 9. Nc4 Be7 10. O-O f6 11. f4 {[%emt 0:00:04] With the idea fxe5.} b5 12. Ne3 O-O 13. f5 (13. fxe5 $14 {is more appropriate.} Rc8 14. exf6 Bxf6 15. Nc2) 13... Rb8 $11 14. Ned5 Nd4 15. Nxc7 Qxc7 16. g4 Bc6 17. Nd5 Qd8 18. e4 c4 19. Be3 Bc5 20. Rc1 Bxd5 21. exd5 Qb6 (21... Qa5 $15) 22. Kh1 (22. dxc4 $2 Ne2+ 23. Kh1 Nxc1 (23... Bxe3 24. c5 $14) 24. Bxc1 bxc4 $19) 22... Qa6 23. b3 (23. a4 $11) 23... Qxa2 (23... Ba3 $17 24. Bxd4 exd4 (24... Bxc1 25. Bc5 $15)) 24. bxc4 b4 25. Be4 (25. Ra1 $11 Qb2 26. d6) 25... b3 {[%emt 0:00:02] Black is much more active.} ({Better is} 25... Nb3 $15 26. Bxc5 Nxc5) 26. Rg1 b2 27. Rb1 h6 28. g5 (28. d6 $5) 28... fxg5 29. h4 Rb6 $36 {[%emt 0:00:20][%mdl 2048] Black fights for an advantage.} (29... gxh4 $2 30. Qg4 Rf7 31. f6 $18 (31. Qxh4 $2 {is the wrong capture.} Nxf5 32. Qh2 Bxe3 $19) (31. Bxh6 Ne2 $15)) (29... Nb3 $5 30. Bxc5 Nxc5 $17) 30. hxg5 hxg5 {[%emt 0:00:01] Hoping for ...Nb3.} 31. Rxg5 Rh6+ 32. Kg2 {[%emt 0:00:01][%cal Og5g7] Rxg7+! would now be deadly.} Nb3 $2 {[%emt 0:00:14][%mdl 8192] [#]} (32... Rff6 $11) 33. Qg4 $4 {[%emt 0:00:12][%mdl 8192] White is weak on the dark squares} Bxe3 $19 34. Rxg7+ Kh8 35. f6 Qxb1 0-1

[Event "BCS-Floripa Super Blitz 2025"]
[Site "Florianopolis"]
[Date "2025.01.22"]
[Round "5.2"]
[White "Dos Santos, Welligton Carlos"]
[Black "Kayser, Gustavo Warmling"]
[Result "0-1"]
[Annotator "TA"]
[ECO "A34"]
[WhiteElo "1805"]
[BlackElo "2036"]
[PlyCount "106"]
[EventDate "2025.01.18"]
[EventType "swiss"]
[EventCountry "BRA"]
[SourceTitle "playchess.com"]
[Source "ChessBase"]
[SourceQuality "1"]
[TimeControl "180+2"]

1. c4 Nf6 2. Nc3 c5 3. g3 d5 4. cxd5 Nxd5 5. Bg2 Nc7 6. d3 Nc6 7. Nf3 e5 8. O-O Be7 9. Bd2 O-O 10. Rc1 Bd7 11. Be3 Rc8 12. Nd2 b6 13. Nc4 f6 14. Nd5 (14. f4 $11) 14... Nxd5 $15 15. Bxd5+ Kh8 16. Bg2 Be6 17. b3 Qd7 18. Qc2 Bh3 19. Qb2 Bxg2 20. Kxg2 Rfd8 21. Rfd1 Nd4 (21... Qe6 $17 22. Nd2 f5) 22. a4 Qe6 23. Re1 f5 24. Kg1 {[%emt 0:00:00] [#]} f4 $1 {[%emt 0:00:00] Black is more active.} 25. Bxd4 exd4 (25... Rxd4 $6 26. e3 f3 27. Nxe5 $16 (27. exd4 Qh3 $15)) 26. Nd2 $2 {[%emt 0:00:00] White is weak on the dark squares} (26. gxf4 $17 Qg4+ 27. Kh1) 26... fxg3 $19 27. hxg3 (27. fxg3 {is the only way for White.} Bg5 28. Rcd1) 27... h5 $2 ({Black should try} 27... Qh3 $19 28. Ne4 Rc6) 28. Kg2 $11 Bg5 29. Rh1 $2 (29. Rc4 $11 {and White has nothing to worry.}) 29... Qxe2 $19 30. Rc2 (30. Rxh5+ $142 Bh6 (30... Qxh5 31. Rh1 $11) 31. Rh4) 30... Qe8 $2 (30... Qxd3 $2 31. Rxh5+ Bh6 32. Nf3 $19) (30... Rf8 $1 $19 31. Ne4 Qf3+ (31... Qxd3 $2 32. Nxg5 Qg6 33. f4 $18) 32. Kg1 Rce8) 31. Ne4 Bh6 32. Re2 Qg6 33. Ree1 Rf8 34. Qe2 Qf7 $2 (34... Rf5 $15 {stays ahead.}) 35. Qxh5 $18 Qxb3 (35... Rc6 36. Qxf7 Rxf7) 36. g4 {[%emt 0:00:08] and Qg6 would now be decisive} (36. Nd6 Rcd8 37. Qg6 Rxd6 (37... Qd5+ 38. Ne4 $18) 38. Qxd6 Rf6 39. Re8+ Kh7 $16) 36... Qxd3 (36... Rc6 $142 37. g5 Qg8) 37. g5 Rf5 $2 (37... Qb3 38. gxh6 g5) 38. Qg4 $2 (38. Nf6 {[%cal Oh5e8] Intending Qe8+! and mate.} Rg8 (38... Rf8 $2 39. Re8 $18) 39. Re8 (39. Nxg8 Qd2 $11) 39... Rxf6 40. gxf6 gxf6+ 41. Qg4 (41. Rxg8+ Kxg8 42. Re1 Bf8 $18) 41... Qe4+ 42. Rxe4 Rxg4+ 43. Rxg4) 38... Rcf8 39. gxh6 (39. Rh3 $18 Qc4 (39... Rf4 $2 40. Qe6 $18) 40. gxh6) 39... g5 40. Rh3 (40. Nxg5 $2 Rxf2+ 41. Kg1 Rf1+ 42. Kh2 R8f2+ $19) 40... Qc2 (40... Qc4 $142 41. Rg3 (41. Nxg5 $2 Rxf2+ 42. Kh1 Rf1+ 43. Rxf1 Qxf1+ 44. Qg1 d3 $19) 41... Qd5) 41. Re2 (41. Nxg5 Qxf2+ (41... Rxf2+ 42. Kg1 $16) 42. Kh1 Qxe1+ 43. Kh2 Rf2+) (41. Kh1 $18) 41... Qd1 $16 42. Qh5 $2 (42. Nxg5 $2 Rxf2+ (42... Qxa4 $2 43. Ne6 $18) 43. Rxf2 Qxg4+ $19) (42. Rg3 $16 {and life is bright.} d3 43. Ree3 Qxg4 44. Rxg4) 42... d3 $4 (42... g4 $19 43. Qxg4 Rg8 (43... Qxa4 44. Qg7#) 44. Qxg8+ Kxg8) 43. Rd2 $2 (43. Qg6 $1 $18 Qa1 44. Rxd3) 43... Qe1 $2 {[%emt 0:00:00] [#]} (43... Qxa4 $11 44. Re3 (44. Nxg5 $2 Qf4 $19) 44... c4) 44. Rhxd3 $1 Qxe4+ $17 45. f3 Qe7 (45... Qxa4 46. Qg6 Qa1 47. Rd7) 46. Rd7 Qf6 47. R7d6 Qe5 {[%emt 0:00:03][%cal Og5g4] and ...g4! should not be overlooked} 48. Qg6 $2 (48. Rd8 $17 {might work better.}) 48... Rg8 $2 (48... Rxf3 $19 {( -> ...Qg3+)} 49. Qg7+ Qxg7 50. hxg7+ Kxg7) 49. Rd8 $15 Rff8 {[%emt 0:00:04] Dancing on a razor blade.} 50. Rxf8 Rxf8 51. Rd7 $2 (51. Qc2 $15) 51... Qb2+ $2 (51... Qe2+ {mates} 52. Kg1 Qe3+ (52... Rxf3 53. Qh7#) 53. Kh2 Qf2+ (53... Qxf3 54. Qh7#) 54. Kh1 Qxf3+ (54... Rxf3 55. Qh7#) 55. Kh2 Qf2+ 56. Kh1 Qh4+ 57. Kg2 Rf2+ 58. Kg1 Qh2#) 52. Kh3 $2 (52. Kg1 $11 Qa1+ 53. Kf2 Qb2+ 54. Kg1) 52... Rxf3+ 53. Kg4 Qg2+ 0-1

[Event "BCS-Floripa Super Blitz 2025"]
[Site "Florianopolis"]
[Date "2025.01.22"]
[Round "5.3"]
[White "Salinas Herrera, Pablo"]
[Black "Silva, Kaua Marques"]
[Result "1-0"]
[Annotator "TA"]
[ECO "D02"]
[WhiteElo "2471"]
[BlackElo "2249"]
[PlyCount "62"]
[EventDate "2025.01.18"]
[EventType "swiss"]
[EventCountry "BRA"]
[SourceTitle "playchess.com"]
[Source "ChessBase"]
[SourceQuality "1"]
[TimeControl "180+2"]

1. d4 Nf6 2. Nf3 d5 3. Bf4 e6 4. e3 Bd6 5. Nbd2 c5 6. c3 O-O 7. Bd3 b6 8. Ne5 Ba6 9. Bc2 Qc7 10. Bg3 Nc6 11. f4 Rac8 12. Rc1 Ne7 13. Qf3 Nf5 {[%emt 0:00:01] Hoping for ...cxd4.} 14. Bf2 Be7 15. g4 Nd6 16. Qh3 Nfe4 17. g5 Qb7 18. Rg1 Nf5 19. Qg2 $2 (19. a3 $15) 19... Nxd2 $2 ({Black should try} 19... cxd4 $19 20. exd4 Ned6) 20. Kxd2 $40 {[%emt 0:00:02][%mdl 128] Black needs to defend precisely.} Nd6 21. Qh3 g6 {[%emt 0:00:01] [#]} (21... Ne4+ $11 22. Bxe4 dxe4) 22. Rg4 {[%emt 0:00:08] White is much more active.} ({Better is} 22. Qh6 $1 $16) 22... Nf5 {[%emt 0:00:03] [#]} (22... Ne4+ $1 $11 {remains equal.} 23. Bxe4 dxe4) 23. Rcg1 {[%emt 0:00:09] The board is on fire.} (23. Bxf5 $1 $16 {[%cal Og4h4] Hoping for Rh4!.} exf5 24. Rg3 cxd4 25. exd4) 23... cxd4 24. exd4 f6 $2 (24... Bd6 $11) 25. gxf6 $18 Bxf6 {[#]} 26. Nxg6 $1 hxg6 (26... Rfe8 27. Bh4) 27. Rxg6+ Bg7 28. Rxe6 Qf7 29. Reg6 {[%emt 0:00:08] White wants to mate with Bxf5.} Rce8 30. Bxf5 Re2+ 31. Kc1 Re1+ 1-0

[Event "BCS-Floripa Super Blitz 2025"]
[Site "Florianopolis"]
[Date "2025.01.22"]
[Round "5.3"]
[White "Fernandes Filho, Bergson Fragoso"]
[Black "Kulkamp, Victor Silva"]
[Result "1-0"]
[Annotator "TA"]
[ECO "C41"]
[WhiteElo "2084"]
[BlackElo "1881"]
[PlyCount "129"]
[EventDate "2025.01.18"]
[EventType "swiss"]
[EventCountry "BRA"]
[SourceTitle "playchess.com"]
[Source "ChessBase"]
[SourceQuality "1"]
[TimeControl "180+2"]

1. e4 c5 2. Nf3 Nc6 3. c3 e5 4. Bc4 Be7 5. O-O Nf6 6. d3 d6 7. Nbd2 O-O 8. h3 a6 9. a4 b6 10. Re1 Bb7 11. Nf1 Qc7 12. Ng3 {[%emt 0:00:00] White is more active.} Na5 13. Ba2 b5 14. Nf5 Bc8 $2 (14... c4 $16) 15. Nxe7+ $18 Qxe7 {[%emt 0:00:01] [#]} 16. axb5 $1 axb5 17. b4 Nc6 {[%emt 0:00:07] [#]} 18. Bxf7+ $1 Qxf7 19. Rxa8 Na7 $2 (19... cxb4 20. cxb4 Nh5) 20. Ng5 (20. bxc5 $142 Qb7 21. Qb3+ d5 22. Rxa7 Qxa7 23. exd5 (23. Nxe5 Qa4 $18)) 20... Qb7 21. Qb3+ Kh8 $2 {[%emt 0:00:18] [#]} (21... c4 22. dxc4 (22. Rxa7 cxb3 23. Rxb7 Bxb7 $16) 22... Qxa8) 22. Rxa7 $1 Qxa7 23. Be3 h6 24. Nf3 {[%emt 0:00:04] Strongly threatening bxc5.} Nd7 (24... c4 $142) 25. bxc5 Nxc5 26. Qxb5 Ba6 $2 (26... Qb7 27. Qxb7 Nxb7) 27. Qc6 Qd7 28. Qxd7 Nxd7 29. d4 Rc8 (29... Bd3 30. Nh4 Bxe4 31. Bxh6 Bh7) 30. dxe5 Nxe5 31. Nxe5 dxe5 {[%emt 0:00:00][%mdl 4096] Endgame KRB-KRB. White is two pawns up.} 32. Rc1 Bd3 33. f3 Kg8 34. Kf2 Kf7 35. Ke1 Rd8 (35... Rb8 $16 36. c4 Ra8) 36. c4 Ke6 37. c5 Rc8 (37... Rb8 38. Rc3 Ba6) 38. Rd1 Bb5 39. Rd6+ Ke7 40. h4 Rc6 41. Rd5 Ke6 42. h5 Ba4 43. Rd8 Ke7 44. Ra8 Bb5 45. Ra7+ Kf6 46. g4 Rc8 47. Kf2 Rc6 $2 (47... Rb8 {is a better defense.} 48. Kg3 Rd8) 48. Rb7 Ba4 $2 (48... Ba6 49. Ra7 Bd3) 49. f4 exf4 50. Bd4+ ({Less strong is} 50. Bxf4 Rxc5 51. e5+ Ke6 52. Rxg7 Bc2 $18) 50... Ke6 51. Rxg7 Bc2 52. Rg6+ Kd7 53. Rxc6 Kxc6 {[%emt 0:00:00] KB-KB. White is two pawns up.} 54. Kf3 Kd7 55. Kxf4 Ke6 56. Bg7 Kf7 57. Bxh6 Ba4 58. g5 Ke6 59. g6 Kf6 60. Bg5+ Kg7 61. Kf5 Bb5 62. h6+ Kg8 63. Bf6 Bd7+ 64. Kg5 Be8 65. h7+ 1-0

[Event "BCS-Floripa Super Blitz 2025"]
[Site "Florianopolis"]
[Date "2025.01.22"]
[Round "5.4"]
[White "Melian, Juan Sebastian"]
[Black "Santiago, Yago De Moura"]
[Result "1-0"]
[Annotator "TA"]
[ECO "A10"]
[WhiteElo "2305"]
[BlackElo "2451"]
[PlyCount "108"]
[EventDate "2025.01.18"]
[EventType "swiss"]
[EventCountry "BRA"]
[SourceTitle "playchess.com"]
[Source "ChessBase"]
[SourceQuality "1"]
[TimeControl "180+2"]

1. Nf3 e6 2. c4 f5 3. Nc3 Nf6 4. g3 Bb4 5. Bg2 O-O 6. O-O d6 7. Qb3 a5 8. a3 (8. Na4 $14) 8... Bxc3 $11 9. Qxc3 a4 10. d3 Nc6 11. d4 Ne4 12. Qc2 Qe7 13. Rd1 Bd7 14. d5 Nd8 15. Nd4 Nc5 (15... e5 16. Nxf5 Bxf5 17. Bxe4 $16) 16. dxe6 Bxe6 17. Be3 Kh8 18. Rd2 Bd7 19. Rad1 Ne4 20. Rd3 Nc6 (20... b6 $11) 21. Nxc6 bxc6 (21... Bxc6 $14 22. c5 Rfe8) 22. Bd4 ({White should try} 22. c5 $1 $16) 22... Qf7 (22... c5 $15 23. Be3 Bc6) 23. Rf3 (23. f3 $14 Ng5 24. c5) 23... Kg8 (23... c5 $15 24. Be3 Rab8) 24. h4 (24. c5 $11) 24... c5 $15 25. Be3 Bc6 26. Bf4 Rfe8 27. Re3 Rab8 28. Bxe4 fxe4 29. Qd2 {[%emt 0:00:04] White is weak on the light squares} (29. Rb1 $17) 29... Qxc4 $19 30. Rc3 Qf7 31. Qe3 $2 (31. Qc1) 31... Rb5 (31... Rxb2 $142 32. Kf1 Reb8 33. Bxd6 Rb1 (33... cxd6 $2 34. Rxd6 Bb5 35. Rd2 $19)) 32. Rd2 $2 (32. Qc1) 32... Reb8 33. Rcc2 Rb3 34. Rc3 Rxb2 35. Rxb2 Rxb2 36. Kh2 $2 (36. Rc1) 36... h6 37. Rc1 Rb3 38. Qd2 g5 39. Be3 Kh7 (39... Rxa3 40. hxg5 hxg5 41. Rh1 $19) (39... gxh4 $142 40. Rg1 Rxa3 41. gxh4+ Kh7) 40. hxg5 hxg5 ({Black should try} 40... Rxa3 $19 41. Rh1 Ra2) 41. Kg2 $17 Kg6 (41... Rxa3 $6 42. Qb2 Rb3 43. Rh1+ Kg6 44. Qh8 $11) 42. Qa5 (42. Rh1 $17) 42... Rb2 (42... Rxa3 $19 {and ...Rb3 should not be overlooked} 43. Rxc5 dxc5 44. Qxc5 Rxe3 45. Qxc6+ Kh5 46. fxe3 a3) 43. Kf1 $2 (43. Re1 $17) 43... Bb5 $19 44. Re1 Rb3 45. Qa8 $2 (45. Kg1) 45... Kf5 $2 (45... Rxa3 46. Kg1 $19) (45... Rxe3 $19 46. Kg1 Rxa3 (46... Rxe2 $2 47. Rxe2 Bxe2 48. Qxe4+ Kf6 49. Qxe2 $19) 47. Qxe4+ Kg7) 46. Kg2 Qe6 (46... Rxa3 47. g4+ Kf6 (47... Kxg4 48. Qxe4+) 48. Rh1 Bxe2 49. Rh8 Rxe3 (49... Bxg4 $2 50. Rf8 $18) 50. Rf8 Bf3+ 51. Kg3 $11) (46... Ke6 $15 {should be considered.} 47. Bxg5 e3 (47... Rxa3 48. Rd1 $11)) 47. Qf8+ Qf6 $2 {[%emt 0:00:01] [#]} (47... Ke5 $1 $11) 48. Qc8+ $2 (48. Qg8 $1 $18) 48... Kg6 49. Qg8+ Kf5 $2 (49... Qg7 $11 50. Qe6+ Qf6 51. Qg8+ Qg7) 50. Qc8+ $2 ({White has to play} 50. g4+ $18 Ke5 (50... Kxg4 51. Qh7 Rxe3 52. fxe3) 51. Bxg5) 50... Ke5 $11 51. Qxc7 $2 {[%emt 0:00:01] [#]} (51. Qg8 $11 {and White stays safe.} Bd7 (51... Rxa3 $2 52. Bc1 $18) 52. Rd1 (52. Bxg5 Qe6 $11)) 51... Bxe2 $1 $19 (51... Rxa3 $2 52. Bxc5 Rb3 53. Rd1 $18) 52. Rxe2 $2 (52. Kg1 $17 {keeps fighting.}) 52... Qf3+ (52... Rxa3 $2 53. Re1 $18 (53. Bxc5 Qf3+ 54. Kh2 Qh5+ 55. Kg2 Qf3+ 56. Kh2 Qh5+ 57. Kg2 Qf3+ $11)) 53. Kh2 (53. Kh3 $142 Rb1 (53... Qxe2 54. Qg7+ Kd5 55. Qf7+ Kc6 56. Qe8+ Kb6 57. Qb8+ Ka6 58. Qe8 $19) 54. Qe7+ Kd5 55. Rd2+ (55. Qxg5+ $2 Kc6 $19) 55... Kc4 56. Rc2+ (56. Qxg5 $2 Rh1#) (56. Qe6+ $2 Kc3 $19) 56... Kb3 57. Rc1 Rxc1 58. Bxc1 Qh1+ (58... Qxf2 59. Bxg5 Qf1+ 60. Kh2 $11) 59. Kg4 Qxc1 60. Qxd6) 53... Qxe2 54. Qg7+ Kf5 $2 (54... Kd5 $19 55. Qf7+ Kc6 56. Qe8+ Kb6 57. Qb8+ Ka6 58. Qc8+ (58. Qxd6+ $2 {loses.} Rb6 $19) 58... Ka5 59. Qc7+ Rb6 60. Qa7+ Kb5 61. Qd7+ Kc4 62. Qe6+ Kc3 63. Qxe4 Rb3) 1-0

[Event "BCS-Floripa Super Blitz 2025"]
[Site "Florianopolis"]
[Date "2025.01.22"]
[Round "5.4"]
[White "Campagnolo, Fabiola"]
[Black "Lemos, Dawton Almino"]
[Result "0-1"]
[Annotator "TA"]
[ECO "A45"]
[WhiteElo "1760"]
[BlackElo "2172"]
[PlyCount "72"]
[EventDate "2025.01.18"]
[EventType "swiss"]
[EventCountry "BRA"]
[SourceTitle "playchess.com"]
[Source "ChessBase"]
[SourceQuality "1"]
[TimeControl "180+2"]

1. d4 Nf6 2. e3 g6 3. Bd3 Bg7 4. f4 d6 5. Nf3 Nc6 6. c3 O-O 7. e4 {[%emt 0:00:03] [#]} e5 $1 8. fxe5 (8. d5 Ne7) 8... dxe5 9. d5 Nb8 10. O-O Nh5 11. c4 a5 12. Bg5 f6 13. Bd2 Nd7 14. Nc3 Nc5 15. Bc2 Kh8 16. Ne1 Qd7 17. Nd3 Nxd3 18. Bxd3 b6 19. Be2 Nf4 20. Bxf4 ({White should play} 20. Bf3 $16) 20... exf4 $11 21. Rxf4 Qd6 22. Rh4 f5 23. Qc2 (23. Kh1 $15) 23... Bd7 24. Bd3 {[%emt 0:00:02] [#]} f4 {[%emt 0:00:05] [#] Black is more active.} (24... a4 $1 $17 {[%cal Ra4a3] aiming for ...a3.} 25. exf5 Qe7 (25... Bxf5 26. Bxf5 Rxf5 27. Nxa4 $11)) 25. e5 $1 Qxe5 (25... Bxe5 $2 {loses.} 26. Bxg6 Bd4+ 27. Kh1 $18) 26. Bxg6 h6 $1 27. Rf1 f3 28. gxf3 $2 (28. g3 $16) 28... Qg5+ $19 29. Rg4 Bxg4 30. fxg4 Qxg4+ (30... Bd4+ $142 31. Rf2 Qxg4+ (31... Rxf2 $2 32. Qxf2 Qxg4+ 33. Kf1 $19) 32. Kf1 Rxf2+ (32... Bxf2 33. Qxf2 Qxg6 34. Ne4 Qxe4 35. Kg1 Rxf2 36. Kxf2 Rf8+ 37. Kg1 Qg6+ 38. Kh1 Rf1#) 33. Qxf2 Bxf2 34. Kxf2 Rf8+ (34... Qxg6 $2 35. Ke3 $19) 35. Ke1 Qxg6 (35... Qg1+ $2 36. Kd2 $19) 36. Kd2 Rf3 37. Nd1 Qd3+ 38. Kc1 Rf1 (38... Qxc4+ 39. Kd2 Rd3+ 40. Ke1 Qc1 41. Kf1 Rd2 42. h4 Qxd1#) 39. b3 Qxd1+ 40. Kb2 Qc1#) 31. Qg2 {[%emt 0:00:03] White is weak on the dark squares} Bd4+ 32. Kh1 Rxf1+ 33. Qxf1 Qxg6 34. Ne2 Be5 (34... Qe4+ $142 35. Qg2 Qb1+ 36. Ng1 Rg8 (36... Qxb2 $2 37. Qf1 $19) (36... Qxg1+ $2 37. Qxg1 Bxg1 38. Kxg1 $19) 37. h4 Rxg2 (37... Qxg1+ $2 38. Qxg1 Bxg1 39. d6 $19) 38. Kxg2 Qxg1+ 39. Kf3 Qe3+ (39... Bxb2 $2 40. d6 $19) 40. Kg4 h5+ (40... Bxb2 {leads to mate.} 41. h5 Qf2 42. d6 Be5 43. a4 Qf4+ 44. Kh3 Qg3#) 41. Kxh5 Qg1 (41... Bxb2 42. Kg4 Kg7 43. d6 Qe2+ 44. Kh3 Be5 45. h5 Qf3+ 46. Kh4 Qg3#) 42. b3 Kg7 43. a4 Qg6#) 35. Qf3 Rg8 {[%emt 0:00:03] ( -> ...Qb1+)} 36. b3 Qb1+ 0-1

[Event "BCS-Floripa Super Blitz 2025"]
[Site "Florianopolis"]
[Date "2025.01.22"]
[Round "5.5"]
[White "Gauche, Charles"]
[Black "Do Valle Cardoso, Lucas"]
[Result "0-1"]
[Annotator "TA"]
[ECO "D00"]
[WhiteElo "2139"]
[BlackElo "2401"]
[PlyCount "44"]
[EventDate "2025.01.18"]
[EventType "swiss"]
[EventCountry "BRA"]
[SourceTitle "playchess.com"]
[Source "ChessBase"]
[SourceQuality "1"]
[TimeControl "180+2"]

1. d4 d5 2. Bf4 c5 3. c3 Nc6 4. e3 Qb6 5. Qb3 c4 6. Qc2 e5 7. dxe5 {[%emt 0:00:07] Strongly threatening Nd2.} Bf5 8. Qc1 g5 9. Bg3 h5 10. h3 Bg7 11. Nf3 Nge7 $36 {[%emt 0:00:08][%mdl 2048] Black has some pressure.} 12. Be2 g4 (12... Rg8 {with more complications.} 13. Nbd2 g4 14. hxg4 hxg4 15. Nd4 Bxe5 16. Nxf5 Nxf5 17. Bxe5 Nxe5 18. Qc2 Ne7) 13. hxg4 (13. Nd4 $11 {remains equal.}) 13... hxg4 $17 14. Rxh8+ Bxh8 15. Nh4 {[%emt 0:00:00] White is weak on the light squares} (15. Nd4 $142) 15... Bxe5 {[%emt 0:00:19] Black has more active pieces.} ({Worse is} 15... Nxe5 16. Nxf5 Nxf5 17. Bxe5 Bxe5 18. Bxg4 $16) 16. Bxe5 Nxe5 17. Nxf5 Nxf5 18. e4 $2 dxe4 $2 (18... g3 $19 19. Qf4 gxf2+ (19... Qxb2 20. Qxe5+ Kf8 21. Qxf5 $14) 20. Qxf2 Ne3 (20... dxe4 21. Qxf5 Qg1+ 22. Qf1 $11) (20... Qxf2+ 21. Kxf2 dxe4 22. g4 $17)) 19. Qf4 $1 $11 Qe6 {[%emt 0:00:00] Threatens to win with ...Nd3+.} (19... Qxb2 $2 {too greedy.} 20. Qxe5+ Kf8 21. Qh8+ Ke7 22. Qxa8 $18) 20. Nd2 $1 Nd3+ 21. Kf1 $2 (21. Bxd3 $15 exd3+ 22. Kf1) 21... Nxf4 {[%emt 0:00:01] A dynamic duo of knights.} 22. Ke1 Nd3+ 0-1